AoeStats
← ꧁FAFO꧂

Arena

505223995Analyzed
4v4 RM · 25d ago on Sep 8, 2026· 28m 17s· 8 players
Game mode
Random Map
Map size
Large (8 player)
Population
200
Speed
Normal
Resources
Standard
Victory
Conquest
Starting age
Dark Age
Ending age
Imperial Age
RankedLock teamsTeams togetherTeam positionsShared explorationLock speedFull tech treeHidden civsTurbo modeCheats
Victory
Defeat
🇨🇳 Burgundians · China
1206
+12
🇨🇳 Khmer · China
1140
+14
🇨🇳 Bohemians · China
1140
+14
🇨🇳 Spanish · China
1140
+14
🇩🇰 Bengalis · Denmark
1165
-16
🇨🇳 Franks · China
1122
-14
🇨🇳 Burgundians · China
1085
-13
🇨🇳 Turks · China
1043
-11
546308830
10:57 Feudal Age
16:15 Castle Age
14:31 Double-Bit Axe
21:30 Loom
22:35 Scale Barding Armor
23:29 Husbandry
24:01 Forging
826477292
0:49 Loom
11:19 Feudal Age
12:03 Double-Bit Axe
18:53 Castle Age
17:10 Horse Collar
17:25 Gold Mining
17:28 Stone Mining
20:08 Bow Saw
20:06 Heavy Plow
20:44 Gold Shaft Mining
21:27 Wheelbarrow
24:27 Squires
27:20 Hand Cart
新手玩玩
2:53 Loom
5:41 Double-Bit Axe
11:47 Feudal Age
10:30 Horse Collar
11:24 Gold Mining
17:15 Castle Age
15:47 Bow Saw
16:30 Heavy Plow
17:36 Stone Mining
18:29 Forging
19:57 Scale Barding Armor
22:38 Wheelbarrow
24:15 Husbandry
28:34 Chain Barding Armor
꧁FAFO꧂
11:34 Feudal Age
13:46 Loom
16:38 Castle Age
14:50 Horse Collar
18:53 Wheelbarrow
18:33 Double-Bit Axe
19:29 Bow Saw
21:18 Hand Cart
21:30 Heavy Plow
23:05 Gold Mining
23:34 Forging
23:18 Fletching
23:25 Pikeman
24:05 Squires
23:51 Arson
24:34 Scale Mail Armor
24:45 Forging
25:21 Forging
cainiaoxm
10:59 Feudal Age
15:09 Castle Age
14:48 Gold Mining
15:09 Double-Bit Axe
15:49 Horse Collar
19:29 Town Watch
21:48 Bow Saw
21:41 Stone Mining
23:36 Padded Archer Armor
25:27 Leather Archer Armor
25:15 Husbandry
25:26 Bloodlines
三少
11:18 Feudal Age
15:35 Castle Age
13:51 Double-Bit Axe
14:43 Loom
20:33 Imperial Age
20:32 Chemistry
野蛮农民
7:05 Double-Bit Axe
7:07 Horse Collar
12:02 Feudal Age
10:26 Gold Mining
15:42 Castle Age
15:10 Bow Saw
16:35 Husbandry
20:50 Fervor
21:14 Scale Barding Armor
21:40 Cavalier
22:49 Forging
23:48 Wheelbarrow
24:29 Chain Barding Armor
26:43 Gold Shaft Mining
26:12 Heavy Plow
26:05 Stone Mining
27:26 Iron Casting
57168948
10:50 Feudal Age
13:38 Castle Age
11:36 Double-Bit Axe
12:19 Horse Collar
14:46 Bow Saw
15:34 Gold Mining
18:46 Loom
21:01 Ballistics
21:45 Gold Shaft Mining
22:20 Wheelbarrow
23:05 Town Watch
24:46 Hand Cart
29:27 Imperial Age
27:32 Stone Mining
28:02 Pikeman
28:30 Arson
Connection lost

Rejoining the realm…

Still unreachable

The connection could not be restored.

Session expired

The server has moved on; the page needs a fresh start.